TOP OF THE 1ST |
Washington State University Cougars batting - Pitching for University of Illinois Fighting Illini : LHP Jody Phillips
|
Pitching: LHP Jody Phillips
|
|
Batting: RHB Margh Couch
|
0-0: Fly out, F2 (Popup, 25F, EV 75.6 MPH)
|
Batting: RHB Nick Deegan
|
0-0: Called Strike 0-1: Ball 1-1: Swinging Strike 1-2: Ball 2-2: Strikes out looking
|
Batting: SHB Salvador Padilla
|
0-0: Ball 1-0: Foul Ball, location: 2F 1-1: Foul Ball, location: 2F 1-2: Strikes out swinging
|
Top of the 1st over - 0 runs, 0 hits, 0 errors, 0 left on base; Washington State University 0 - University of Illinois 0 |
BOTTOM OF THE 1ST |
University of Illinois Fighting Illini batting - Pitching for Washington State University Cougars : RHP Ethan Houghton
|
Pitching: RHP Ethan Houghton
|
|
Batting: RHB Nick Lombardo
|
0-0: SINGLE (Groundball, 56D, EV 106.9 MPH)
|
Batting: RHB Tim Jobe
|
0-0: Swinging Strike 0-1: Ball 1-1: Called Strike 1-2: Fielders Choice at 2nd, 4-6 (Groundball, 4, EV 83.8 MPH)
|
Batting: RHB Jose Tovar
|
0-0: Swinging Strike 0-1: Ball 1-1: Foul Ball, location: 2F 1-2: Grounds into double play, 5-4-3 (Groundball, 56, EV 91.9 MPH)
|
Bottom of the 1st over - 0 runs, 1 hit, 0 errors, 0 left on base; Washington State University 0 - University of Illinois 0 |
TOP OF THE 2ND |
Washington State University Cougars batting - Pitching for University of Illinois Fighting Illini : LHP Jody Phillips
|
Batting: RHB Gebre-Giorgios Wangondu
|
0-0: Called Strike 0-1: Called Strike 0-2: Strikes out swinging
|
Batting: RHB David Martin
|
0-0: Called Strike 0-1: Swinging Strike 0-2: Ball 1-2: Ball 2-2: Ground out 3-1 (Groundball, 34, EV 81.9 MPH)
|
Batting: LHB Mike East
|
0-0: Ball 1-0: Foul Ball, location: 2F 1-1: Ball 2-1: Foul Ball, location: 2F 2-2: Foul Ball, location: 2F 2-2: Strikes out swinging
|
Top of the 2nd over - 0 runs, 0 hits, 0 errors, 0 left on base; Washington State University 0 - University of Illinois 0 |
BOTTOM OF THE 2ND |
University of Illinois Fighting Illini batting - Pitching for Washington State University Cougars : RHP Ethan Houghton
|
Batting: LHB Nick Rooney
|
0-0: Called Strike 0-1: SINGLE (Line Drive, 8LM, EV 103.8 MPH)
|
Batting: SHB Ryan Buchbinder
|
0-0: Foul Ball, location: 2F 0-1: Foul Ball, location: 2F 0-2: Ball 1-2: Fly out, F9 (Flyball, 9S, EV 90.0 MPH)
|
Batting: SHB Robert Soto
|
0-0: Ball Nick Rooney steals 2nd base 1-0: Called Strike 1-1: Ball 2-1: Fly out, F8 (Flyball, 78D, EV 101.2 MPH)
|
Batting: RHB Kelly Hinckle
|
0-0: Called Strike 0-1: Foul Ball, location: 2F 0-2: Ball 1-2: Fly out, F7 (Flyball, 7D, EV 98.8 MPH)
|
Bottom of the 2nd over - 0 runs, 1 hit, 0 errors, 1 left on base; Washington State University 0 - University of Illinois 0 |
TOP OF THE 3RD |
Washington State University Cougars batting - Pitching for University of Illinois Fighting Illini : LHP Jody Phillips
|
Batting: RHB Johnny Lowe
|
0-0: Foul Ball, location: 2F 0-1: Called Strike 0-2: Foul Ball, location: 2F 0-2: Fly out, F7 (Line Drive, 7D, EV 94.4 MPH)
|
Batting: RHB Ramão Felgueira
|
0-0: Ground out 4-3 (Groundball, 4, EV 100.0 MPH)
|
Batting: RHB Alex Arzate
|
0-0: SINGLE (Groundball, 5S, EV 62.5 MPH) (infield hit)
|
Batting: RHB Margh Couch
|
0-0: Ground out 4-3 (Groundball, 4, EV 109.4 MPH)
|
Top of the 3rd over - 0 runs, 1 hit, 0 errors, 1 left on base; Washington State University 0 - University of Illinois 0 |
BOTTOM OF THE 3RD |
University of Illinois Fighting Illini batting - Pitching for Washington State University Cougars : RHP Ethan Houghton
|
Batting: RHB Chris Bejarano
|
0-0: Ball 1-0: Ball 2-0: Bunt for hit to P - play at first, batter OUT! 1-3
|
Batting: RHB Raul Franco
|
0-0: Swinging Strike 0-1: SINGLE (Line Drive, 9S, EV 91.9 MPH)
|
Batting: RHB Nick Lombardo
|
0-0: Ball 1-0: Fly out, F9 (Flyball, 9LM, EV 92.5 MPH)
|
Batting: RHB Tim Jobe
|
0-0: Called Strike 0-1: SINGLE (Line Drive, 8RS, EV 90.0 MPH) Raul Franco to second
|
Batting: RHB Jose Tovar
|
0-0: Ball 1-0: Ball 2-0: Foul Ball, location: 2F 2-1: Foul Ball, location: 2F 2-2: Fly out, F6 (Flyball, 56D, EV 86.2 MPH)
|
Bottom of the 3rd over - 0 runs, 2 hits, 0 errors, 2 left on base; Washington State University 0 - University of Illinois 0 |
TOP OF THE 4TH |
Washington State University Cougars batting - Pitching for University of Illinois Fighting Illini : LHP Jody Phillips
|
Batting: RHB Nick Deegan
|
0-0: Foul Ball, location: 2F 0-1: Ball 1-1: SINGLE (Groundball, 5S, EV 68.1 MPH) (infield hit)
|
Batting: SHB Salvador Padilla
|
0-0: Foul Ball, location: 2F 0-1: Called Strike 0-2: Ball Wild Pitch! Nick Deegan to second 1-2: Fly out, F9 (Flyball, 89S, EV 86.2 MPH)
|
Batting: RHB Gebre-Giorgios Wangondu
|
0-0: Ball 1-0: Ball 2-0: DOUBLE (Line Drive, 3D, EV 96.9 MPH) Nick Deegan scores
|
Batting: RHB David Martin
|
0-0: Swinging Strike 0-1: Foul Ball, location: 2F 0-2: Strikes out swinging
|
Batting: LHB Mike East
|
0-0: Foul Ball, location: 2F 0-1: Ball Wild Pitch! Gebre-Giorgios Wangondu to third 1-1: Ball 2-1: DOUBLE (Line Drive, 3D, EV 96.2 MPH) Gebre-Giorgios Wangondu scores
|
Batting: RHB Johnny Lowe
|
0-0: Called Strike 0-1: Ground out 6-3 (Groundball, 6, EV 83.8 MPH)
|
Top of the 4th over - 2 runs, 3 hits, 0 errors, 1 left on base; Washington State University 2 - University of Illinois 0 |
BOTTOM OF THE 4TH |
University of Illinois Fighting Illini batting - Pitching for Washington State University Cougars : RHP Ethan Houghton
|
Batting: LHB Nick Rooney
|
0-0: Called Strike 0-1: Ball 1-1: Ball 2-1: SINGLE (Line Drive, 7LS, EV 95.0 MPH)
|
Batting: SHB Ryan Buchbinder
|
0-0: Called Strike 0-1: Foul Ball, location: 2F 0-2: Grounds into double play, 6-4-3 (Groundball, 6, EV 88.8 MPH)
|
Batting: SHB Robert Soto
|
0-0: Ground out 4-3 (Groundball, 4, EV 91.9 MPH)
|
Bottom of the 4th over - 0 runs, 1 hit, 0 errors, 0 left on base; Washington State University 2 - University of Illinois 0 |
TOP OF THE 5TH |
Washington State University Cougars batting - Pitching for University of Illinois Fighting Illini : LHP Jody Phillips
|
Pitching: RHP Lazaro Vasquez
|
|
Batting: RHB Ramão Felgueira
|
0-0: Hit by Pitch
|
Batting: RHB Alex Arzate
|
0-0: Ball 1-0: Grounds into double play, 5-4-3 (Groundball, 56, EV 81.9 MPH)
|
Batting: RHB Margh Couch
|
0-0: Foul Ball, location: 2F 0-1: Ground out 5-3 (Groundball, 5D, EV 105.0 MPH)
|
Top of the 5th over - 0 runs, 0 hits, 0 errors, 0 left on base; Washington State University 2 - University of Illinois 0 |
BOTTOM OF THE 5TH |
University of Illinois Fighting Illini batting - Pitching for Washington State University Cougars : RHP Ethan Houghton
|
Pitching: LHP Erick Lugo
|
|
Batting: RHB Kelly Hinckle
|
0-0: Ball 1-0: Ball 2-0: Ground out 5-3 (Groundball, 56, EV 79.4 MPH)
|
Batting: RHB Chris Bejarano
|
0-0: Foul Ball, location: 2F 0-1: Ball 1-1: Foul Ball, location: 2F 1-2: Ball 2-2: Foul Ball, location: 2F 2-2: Ball 3-2: SINGLE (Groundball, 56D, EV 94.4 MPH)
|
Batting: RHB Raul Franco
|
0-0: Ball 1-0: Ball 2-0: SINGLE (Groundball, 56D, EV 97.5 MPH) Chris Bejarano to second
|
Batting: RHB Nick Lombardo
|
0-0: 3-RUN HOME RUN (Flyball, 7LD, EV 95.0 MPH), Distance : 367 ft
|
Pitching: LHP Steve Hendricks
|
|
Batting: RHB Tim Jobe
|
0-0: Fly out, F4 (Flyball, 34D, EV 88.1 MPH)
|
Batting: RHB Jose Tovar
|
0-0: Ball 1-0: Ball 2-0: Ball 3-0: Called Strike 3-1: Called Strike 3-2: Strikes out swinging, 2-3 out at first.
|
Bottom of the 5th over - 3 runs, 3 hits, 0 errors, 0 left on base; Washington State University 2 - University of Illinois 3 |
TOP OF THE 6TH |
Washington State University Cougars batting - Pitching for University of Illinois Fighting Illini : RHP Lazaro Vasquez
|
Batting: RHB Nick Deegan
|
0-0: Ball 1-0: Ball 2-0: Ball 3-0: Base on Balls
|
Batting: SHB Salvador Padilla
|
0-0: Foul Ball, location: 2F 0-1: Foul Ball, location: 2F 0-2: Foul Ball, location: 2F 0-2: Strikes out swinging
|
Batting: RHB Gebre-Giorgios Wangondu
|
0-0: Swinging Strike 0-1: Fielders Choice at 2nd, 3-6 (Groundball, 34S, EV 82.5 MPH)
|
Batting: RHB David Martin
|
0-0: Ball 1-0: Ball 2-0: Called Strike 2-1: Foul Ball, location: 2F 2-2: Ball 3-2: SINGLE (Line Drive, 9LS, EV 90.6 MPH) Gebre-Giorgios Wangondu to second Gebre-Giorgios Wangondu to third
|
Batting: LHB Mike East
|
0-0: Ball 1-0: Ball 2-0: SINGLE (Groundball, P, EV 83.8 MPH) (infield hit) Gebre-Giorgios Wangondu scores David Martin to second
|
Pinch Hitting: LHB Josh Aerni
|
0-0: Fly out, F8 (Flyball, 8RS, EV 91.2 MPH)
|
Top of the 6th over - 1 run, 2 hits, 0 errors, 2 left on base; Washington State University 3 - University of Illinois 3 |
BOTTOM OF THE 6TH |
University of Illinois Fighting Illini batting - Pitching for Washington State University Cougars : LHP Steve Hendricks
|
Now at 2B: Nick Deegan
|
|
Now at 3B: Makoto Narita
|
|
Batting: LHB Nick Rooney
|
0-0: Ball 1-0: Called Strike 1-1: Ball 2-1: Swinging Strike 2-2: Foul Ball, location: 2F 2-2: Ball 3-2: Base on Balls
|
Batting: SHB Ryan Buchbinder
|
0-0: Called Strike 0-1: Ball 1-1: Ball 2-1: Swinging Strike 2-2: Strikes out looking
|
Batting: SHB Robert Soto
|
0-0: Ball 1-0: Grounds into double play, 6-4-3 (Groundball, 6, EV 99.4 MPH)
|
Bottom of the 6th over - 0 runs, 0 hits, 0 errors, 0 left on base; Washington State University 3 - University of Illinois 3 |
TOP OF THE 7TH |
Washington State University Cougars batting - Pitching for University of Illinois Fighting Illini : RHP Lazaro Vasquez
|
Batting: RHB Ramão Felgueira
|
0-0: Ground out 1-3 (Groundball, 13, EV 64.4 MPH)
|
Batting: RHB Alex Arzate
|
0-0: Called Strike 0-1: Ball 1-1: Ground out 6-3 (Groundball, 6M, EV 90.0 MPH)
|
Pinch Hitting: SHB Steve DeRienzo
|
0-0: Foul Ball, location: 2F 0-1: Ball 1-1: Ball 2-1: Foul Ball, location: 2F 2-2: Fly out, F3 (Line Drive, 3, EV 72.5 MPH)
|
Top of the 7th over - 0 runs, 0 hits, 0 errors, 0 left on base; Washington State University 3 - University of Illinois 3 |
BOTTOM OF THE 7TH |
University of Illinois Fighting Illini batting - Pitching for Washington State University Cougars : LHP Steve Hendricks
|
Now in LF: Mike East
|
|
Now in CF: Gebre-Giorgios Wangondu
|
|
Now in RF: Steve DeRienzo
|
|
Batting: RHB Kelly Hinckle
|
0-0: Foul Ball, location: 2F 0-1: Ball 1-1: Swinging Strike 1-2: Foul Ball, location: 2F 1-2: Strikes out swinging
|
Batting: RHB Chris Bejarano
|
0-0: Ball 1-0: Fly out, F3 (Flyball, 34D, EV 83.1 MPH)
|
Batting: RHB Raul Franco
|
0-0: SINGLE (Groundball, 56, EV 94.4 MPH) (infield hit)
|
Batting: RHB Nick Lombardo
|
0-0: Ball 1-0: Called Strike 1-1: Ball 2-1: Foul Ball, location: 2F 2-2: Strikes out swinging
|
Bottom of the 7th over - 0 runs, 1 hit, 0 errors, 1 left on base; Washington State University 3 - University of Illinois 3 |
TOP OF THE 8TH |
Washington State University Cougars batting - Pitching for University of Illinois Fighting Illini : RHP Lazaro Vasquez
|
Pitching: RHP Alex Juarez
|
|
Batting: RHB Nick Deegan
|
0-0: Ball 1-0: Foul Ball, location: 2F 1-1: Ball 2-1: Ball 3-1: Base on Balls
|
Batting: RHB Melvin Durland
|
0-0: Called Strike 0-1: Ball 1-1: Ball 2-1: Ball 3-1: SINGLE (Groundball, 4MD, EV 103.8 MPH) Nick Deegan to second Runner from 2nd tries for 3rd, SAFE, throw by CF made to third
|
Pinch Hitting: RHB Larry Martell
|
0-0: Called Strike 0-1: Ball 1-1: Ball 2-1: Ball 3-1: Base on Balls Melvin Durland to second
|
Pinch Hitting: RHB Alex Negrete
|
0-0: Ball 1-0: Ball 2-0: Swinging Strike 2-1: Foul Ball, location: 2F 2-2: Foul Ball, location: 2F 2-2: Foul Ball, location: 2F 2-2: Ball 3-2: Strikes out swinging
|
Batting: LHB Mike East
|
0-0: Called Strike 0-1: Ball 1-1: Ball 2-1: Grounds into fielders choice 3-2 (Groundball, 34S, EV 67.5 MPH) Melvin Durland to third Larry Martell to second
|
Batting: RHB Makoto Narita
|
0-0: Called Strike 0-1: Swinging Strike 0-2: Fly out, F6 (Popup, 6, EV 71.2 MPH)
|
Top of the 8th over - 0 runs, 1 hit, 0 errors, 3 left on base; Washington State University 3 - University of Illinois 3 |
BOTTOM OF THE 8TH |
University of Illinois Fighting Illini batting - Pitching for Washington State University Cougars : LHP Steve Hendricks
|
Pitching: RHP Jordan Wyatt
|
|
Now at C: Alex Negrete
|
|
Now in CF: Larry Martell
|
|
Pinch Hitting: LHB George Roben
|
0-0: Ball 1-0: Swinging Strike 1-1: Swinging Strike 1-2: Ball 2-2: Strikes out swinging
|
Pinch Hitting: LHB Jeremy Lynch
|
0-0: SOLO HOME RUN (Flyball, 7LD, EV 101.9 MPH), Distance : 378 ft
|
Pinch Hitting: RHB Marco Castillo
|
0-0: Called Strike 0-1: Called Strike 0-2: Strikes out swinging
|
Batting: LHB Alex Ordonez
|
0-0: Foul Ball, location: 2F 0-1: Hit by Pitch
|
Pinch Hitting: RHB Chris McGuirk
|
0-0: Swinging Strike 0-1: Swinging Strike 0-2: Strikes out swinging
|
Bottom of the 8th over - 1 run, 1 hit, 0 errors, 1 left on base; Washington State University 3 - University of Illinois 4 |
TOP OF THE 9TH |
Washington State University Cougars batting - Pitching for University of Illinois Fighting Illini : RHP Alex Juarez
|
Pitching: RHP Mike Oliver
|
|
Now at C: Nick Delisle
|
|
Now at 1B: Marco Castillo
|
|
Now at 2B: George Roben
|
|
Now in LF: Matt Urbani
|
|
Pinch Hitting: RHB Jonathan Gamez
|
0-0: Swinging Strike 0-1: Foul Ball, location: 2F 0-2: Ball 1-2: SINGLE (Groundball, 6MD, EV 102.5 MPH)
|
Batting: RHB Alex Arzate
|
0-0: Sac Bunt to 2R - play at second, runner OUT! 2-6
|
Batting: SHB Steve DeRienzo
|
0-0: Ball 1-0: Ground out U3 (Groundball, 3L, EV 102.5 MPH) Alex Arzate to second
|
Batting: RHB Nick Deegan
|
0-0: SINGLE (Groundball, 56D, EV 104.4 MPH) Alex Arzate to third Runner from 3rd tries for Home, SAFE, throw by LF to home Nick Deegan to second
|
Batting: RHB Melvin Durland
|
0-0: Foul Ball, location: 2F 0-1: Foul Ball, location: 2F 0-2: Strikes out swinging
|
Top of the 9th over - 1 run, 2 hits, 0 errors, 1 left on base; Washington State University 4 - University of Illinois 4 |
BOTTOM OF THE 9TH |
University of Illinois Fighting Illini batting - Pitching for Washington State University Cougars : RHP Jordan Wyatt
|
Now at 1B: Jonathan Gamez
|
|
Pinch Hitting: RHB Justin Teague
|
0-0: Swinging Strike 0-1: Ball 1-1: Foul Ball, location: 2F 1-2: Strikes out swinging
|
Pinch Hitting: RHB Vinny Torres
|
0-0: Ball 1-0: Called Strike 1-1: Foul Ball, location: 2F 1-2: Ball 2-2: Strikes out looking
|
Batting: RHB Raul Franco
|
0-0: Ball 1-0: Called Strike 1-1: Ground out 6-3 (Groundball, 6, EV 101.2 MPH)
|
Bottom of the 9th over - 0 runs, 0 hits, 0 errors, 0 left on base; Washington State University 4 - University of Illinois 4 |
TOP OF THE 10TH |
Washington State University Cougars batting - Pitching for University of Illinois Fighting Illini : RHP Mike Oliver
|
Now in LF: Justin Teague
|
|
Now in CF: Vinny Torres
|
|
Now in RF: Matt Urbani
|
|
Batting: RHB Larry Martell
|
0-0: Ball 1-0: Ball 2-0: Called Strike 2-1: Foul Ball, location: 2F 2-2: Ball 3-2: Foul Ball, location: 2F 3-2: Foul Ball, location: 2F 3-2: Base on Balls
|
Pinch Hitting: SHB Sergio Carranza
|
0-0: Ball 1-0: Called Strike 1-1: Ball 2-1: Swinging Strike 2-2: Ball 3-2: Strikes out swinging Larry Martell is caught stealing 2nd base 2-6 Batter strikes out.
|
Pinch Hitting: RHB Ian Ladd
|
0-0: Ball 1-0: Ground out 6-3 (Groundball, 6S, EV 81.9 MPH)
|
Top of the 10th over - 0 runs, 0 hits, 0 errors, 0 left on base; Washington State University 4 - University of Illinois 4 |
BOTTOM OF THE 10TH |
University of Illinois Fighting Illini batting - Pitching for Washington State University Cougars : RHP Jordan Wyatt
|
Pitching: RHP Gorgonio Sigua
|
|
Now at C: Sergio Carranza
|
|
Now in LF: Ian Ladd
|
|
Batting: RHB Nick Lombardo
|
0-0: Called Strike 0-1: Ball 1-1: Swinging Strike 1-2: Ground out U3 (Groundball, 34S, EV 86.2 MPH)
|
Batting: LHB George Roben
|
0-0: Ball 1-0: Ball 2-0: Swinging Strike 2-1: Foul Ball, location: 2F 2-2: Ball 3-2: Foul Ball, location: 2F 3-2: Foul Ball, location: 2F 3-2: Foul Ball, location: 2F 3-2: Strikes out swinging
|
Batting: SHB Matt Urbani
|
0-0: Ball 1-0: Called Strike 1-1: Called Strike 1-2: Strikes out looking
|
Bottom of the 10th over - 0 runs, 0 hits, 0 errors, 0 left on base; Washington State University 4 - University of Illinois 4 |
TOP OF THE 11TH |
Washington State University Cougars batting - Pitching for University of Illinois Fighting Illini : RHP Mike Oliver
|
Pitching: RHP Victor Mata
|
|
Batting: RHB Makoto Narita
|
0-0: Called Strike 0-1: Foul Ball, location: 2F 0-2: Fly out, F9 (Flyball, 89D, EV 85.0 MPH)
|
Pitching: RHP Victor Cisneros
|
|
Batting: RHB Jonathan Gamez
|
0-0: Swinging Strike 0-1: SINGLE (Line Drive, 34, EV 99.4 MPH)
|
Batting: RHB Alex Arzate
|
0-0: Ball 1-0: Fielders Choice at 2nd, 4-6 (Groundball, 4, EV 90.0 MPH)
|
Batting: SHB Steve DeRienzo
|
0-0: Called Strike 0-1: Ball 1-1: Ground out U3 (Groundball, 34, EV 103.1 MPH)
|
Top of the 11th over - 0 runs, 1 hit, 0 errors, 1 left on base; Washington State University 4 - University of Illinois 4 |
BOTTOM OF THE 11TH |
University of Illinois Fighting Illini batting - Pitching for Washington State University Cougars : RHP Gorgonio Sigua
|
Pinch Hitting: LHB Mario Cornejo
|
0-0: Swinging Strike 0-1: Ball 1-1: Ball 2-1: Foul Ball, location: 2F 2-2: Strikes out looking
|
Batting: LHB Alex Ordonez
|
0-0: DOUBLE (Line Drive, 78M, EV 105.0 MPH)
|
Batting: RHB Nick Delisle
|
0-0: Called Strike 0-1: Ball 1-1: Called Strike 1-2: Ball 2-2: Foul Ball, location: 2F 2-2: Ground out 4-3 (Groundball, 4S, EV 79.4 MPH) Alex Ordonez to third
|
Batting: RHB Justin Teague
|
0-0: Intentional Walk
|
Pitching: RHP Ron Knowles
|
|
Batting: RHB Vinny Torres
|
0-0: Ball 1-0: Ball 2-0: Ball 3-0: Base on Balls Justin Teague to second
|
Batting: RHB Raul Franco
|
0-0: Fly out, F7 (Flyball, 7, EV 81.2 MPH)
|
Bottom of the 11th over - 0 runs, 1 hit, 0 errors, 3 left on base; Washington State University 4 - University of Illinois 4 |
TOP OF THE 12TH |
Washington State University Cougars batting - Pitching for University of Illinois Fighting Illini : RHP Victor Cisneros
|
Now at 1B: Mario Cornejo
|
|
Batting: RHB Nick Deegan
|
0-0: Called Strike 0-1: Ball 1-1: SINGLE (Line Drive, 9S, EV 101.9 MPH)
|
Batting: RHB Melvin Durland
|
0-0: Ball 1-0: Foul Ball, location: 2F 1-1: Reached on error, E4 (Groundball, 4, EV 98.1 MPH) Nick Deegan to second
|
Batting: RHB Larry Martell
|
0-0: Ball 1-0: Ball 2-0: Called Strike 2-1: Foul Ball, location: 2F 2-2: Strikes out swinging
|
Batting: SHB Sergio Carranza
|
0-0: Called Strike 0-1: Ball 1-1: Ball Wild Pitch! Nick Deegan to third Melvin Durland to second 2-1: Foul Ball, location: 2F 2-2: Ball 3-2: Foul Ball, location: 2F 3-2: Base on Balls
|
Batting: RHB Ian Ladd
|
0-0: Grounds into fielders choice 3-2 (Groundball, 34S, EV 86.2 MPH) Melvin Durland to third Sergio Carranza to second
|
Batting: RHB Makoto Narita
|
0-0: Fielders Choice at 2nd, 6-4 (Groundball, 6, EV 89.4 MPH)
|
Top of the 12th over - 0 runs, 1 hit, 1 error, 3 left on base; Washington State University 4 - University of Illinois 4 |
BOTTOM OF THE 12TH |
University of Illinois Fighting Illini batting - Pitching for Washington State University Cougars : RHP Ron Knowles
|
Batting: RHB Nick Lombardo
|
0-0: Ball 1-0: Foul Ball, location: 2F 1-1: SINGLE (Flyball, 4MD, EV 89.4 MPH)
|
Batting: LHB George Roben
|
0-0: Ball 1-0: SINGLE (Line Drive, 4D, EV 98.1 MPH) Nick Lombardo to second
|
Batting: SHB Matt Urbani
|
0-0: Ball 1-0: Ball 2-0: Ball 3-0: Base on Balls Nick Lombardo to third George Roben to second
|
Batting: LHB Mario Cornejo
|
0-0: Called Strike 0-1: Foul Ball, location: 2F 0-2: Grounds into fielders choice 6-2 (Groundball, 6, EV 80.6 MPH) George Roben to third Matt Urbani to second
|
Pitching: RHP Jonathan Fritzinger
|
|
Batting: LHB Alex Ordonez
|
0-0: Swinging Strike 0-1: Ball 1-1: Ball 2-1: GRAND SLAM HOME RUN (Flyball, 89XD, EV 103.8 MPH), Distance : 412 ft
|
Bottom of the 12th over - 4 runs, 3 hits, 0 errors, 0 left on base; Washington State University 4 - University of Illinois 8 |
|
Game Over ... University of Illinois defeats Washington State University, 8 to 4
|
|
|